[Event "Gibraltar Masters 18th"]
[Site "Gibraltar"]
[Date "2020.01.28"]
[Round "8.34"]
[White "Astaneh Lopez, Alex"]
[Black "Moussard, Jules"]
[Result "0-1"]
[ECO "A88"]
[WhiteElo "2432"]
[BlackElo "2600"]
[PlyCount "66"]
[EventDate "2020.01.21"]
[EventType "swiss"]
[EventRounds "10"]
[EventCountry "GGB"]
[SourceTitle "BritBase"]
[Source "John Saunders"]
[SourceDate "2021.06.05"]
[SourceVersion "1"]
[SourceVersionDate "2021.06.05"]
[SourceQuality "1"]
[TimeControl "40/100:0"]
[WhiteClock "0:01:53"]
[BlackClock "0:37:43"]

1. Nf3 d6 2. d4 f5 3. b3 Nf6 4. Bb2 g6 5. g3 Bg7 6. Bg2 O-O 7. O-O c6 8. c4 a5 9. Nc3 Na6 10. e3 Qc7 11. Rc1 Kh8 12. Ne2 Be6 13. Nf4 Bg8 14. Ng5 Qd7 15. d5 Nc7 16. dxc6 bxc6 17. c5 d5 18. e4 fxe4 19. Bh3 e6 20. f3 Qe7 21. fxe4 e5 22. Nd3 dxe4 23. Nf2 e3 24. Nfe4 Nfd5 25. Qe2 Nb5 26. Nf3 a4 27. bxa4 Rxa4 28. Nd6 Rxa2 29. Nxe5 Rxf1+ 30. Bxf1 Nbc3 31. Bxc3 Rxe2 32. Nxc6 Qf8 33.
Bxg7+ Kxg7 0-1

[Event "Gibraltar Masters 18th"]
[Site "Gibraltar"]
[Date "2020.01.28"]
[Round "8.35"]
[White "Kryakvin, Dmitry"]
[Black "Mammadzada, Gunay"]
[Result "1-0"]
[ECO "D15"]
[WhiteElo "2592"]
[BlackElo "2455"]
[PlyCount "77"]
[EventDate "2020.01.21"]
[EventType "swiss"]
[EventRounds "10"]
[EventCountry "GGB"]
[SourceTitle "BritBase"]
[Source "John Saunders"]
[SourceDate "2021.06.05"]
[SourceVersion "1"]
[SourceVersionDate "2021.06.05"]
[SourceQuality "1"]
[TimeControl "40/100:0"]
[WhiteClock "0:08:22"]
[BlackClock "0:00:45"]

1. d4 d5 2. c4 c6 3. Nf3 Nf6 4. Nc3 a6 5. e3 Bf5 6. Qb3 Ra7 7. Nh4 Bc8 8.
Qc2 e6 9. Nf3 dxc4 10. Bxc4 c5 11. dxc5 Bxc5 12. O-O O-O 13. Rd1 Qc7 14. b3 Be7 15. Bb2 Nbd7 16. Rac1 Qb8 17. Ne4 h6 18. Bd3 b6 19. h3 Bb7 20. Nxf6+ Nxf6 21. Ne5 Bc5 22. Qe2 Qa8 23. Ng4 Ne4 24. Nxh6+ gxh6 25. Qg4+ Ng5 26. h4 Bf3 27. gxf3 Qxf3 28. Rc4 f5 29. Qxf3 Nxf3+ 30. Kg2 e5 31. Be2 e4 32. Bxf3 exf3+ 33. Kxf3 a5 34. h5 Kf7 35. Rf4 Ke8 36. Rd5 Raf7 37. Bd4 Bxd4 38. Rfxd4 Rc7 39. Rd6 1-0

[Event "Gibraltar Masters 18th"]
[Site "Gibraltar"]
[Date "2020.01.28"]
[Round "8.36"]
[White "Tregubov, Pavel V"]
[Black "Kobo, Ori"]
[Result "1/2-1/2"]
[ECO "D00"]
[WhiteElo "2588"]
[BlackElo "2445"]
[PlyCount "97"]
[EventDate "2020.01.21"]
[EventType "swiss"]
[EventRounds "10"]
[EventCountry "GGB"]
[SourceTitle "BritBase"]
[Source "John Saunders"]
[SourceDate "2021.06.05"]
[SourceVersion "1"]
[SourceVersionDate "2021.06.05"]
[SourceQuality "1"]
[TimeControl "40/100:0"]
[WhiteClock "0:07:23"]
[BlackClock "0:16:55"]

1. d4 Nf6 2. Nc3 d5 3. Bf4 e6 4. Nb5 Na6 5. e3 c6 6. Nc3 Bb4 7. Bxa6 bxa6 8. Nge2 O-O 9. O-O a5 10. Na4 Ba6 11. a3 Be7 12. Re1 Nd7 13.
Nec3 c5 14. e4 cxd4 15. Qxd4 Bf6 16. e5 Be7 17. Rad1 Qc8 18.
Qd2 Re8 19. Ne2 Bxe2 20. Rxe2 Rb8 21. Qd4 Qa6 22. c4 dxc4 23. Red2 Nf8 24. Be3 Qc6 25. Nc3 Ng6 26. f4 a6 27. Qe4 Qxe4 28. Nxe4 Rb3 29. Bc5 h6 30. Bxe7 Rxe7 31. g3 Rc7 32. Rc2 Rb8 33. Nd6 c3 34. Rxc3 Rxc3 35. bxc3 Rb3 36. c4 Rxa3 37. Rb1 a4 38. Rb6 Rc3 39. Rxa6 a3 40. Ra8+ Nf8 41. Kf2 g5 42. h4 gxh4 43. gxh4 h5 44. Ke2 Kg7 45. f5 exf5 46. Nxf5+ Kg6 47. Ne7+ Kg7 48. Nf5+ Kg6 49. Ne7+ 1/2-1/2

[Event "Gibraltar Masters 18th"]
[Site "Gibraltar"]
[Date "2020.01.28"]
[Round "8.37"]
[White "Panjwani, Raja"]
[Black "Kaidanov, Gregory"]
[Result "1-0"]
[ECO "D46"]
[WhiteElo "2444"]
[BlackElo "2546"]
[PlyCount "80"]
[EventDate "2020.01.21"]
[EventType "swiss"]
[EventRounds "10"]
[EventCountry "GGB"]
[SourceTitle "BritBase"]
[Source "John Saunders"]
[SourceDate "2021.06.05"]
[SourceVersion "1"]
[SourceVersionDate "2021.06.05"]
[SourceQuality "1"]
[TimeControl "40/100:0"]
[WhiteClock "0:06:18"]
[BlackClock "0:50:30"]

1. d4 d5 2. c4 e6 3. Nc3 c6 4. e3 Nf6 5. Nf3 Nbd7 6. Qc2 b6 7. b3 Bb7 8. Bb2 Be7 9. Bd3 O-O 10. O-O h6 11. Rad1 Qc7 12. h3 Rad8 13. Qe2 Rfe8 14. Bb1 Bd6 15. e4 dxe4 16. Nxe4 Nxe4 17. Qxe4 Nf8 18. Qe2 c5 19. dxc5 Bxc5 20. Be4 Bxe4 21. Qxe4 Ng6 22. Ne5 Nxe5 23. Bxe5 Qe7 24. g3 Rxd1 25. Rxd1 Rd8 26. Qg4 Rxd1+ 27. Qxd1 Qg5 28. Qe2 f6 29. Bd6 Qf5 30. Bxc5 bxc5 31. g4 Qb1+ 32. Kg2 e5 33. Qe3 Qxa2 34. Qxc5 Qxb3 35. Qc8+ Kh7 36. c5 Qd5+ 37. Kh2 a5 38. c6 Qc5 39. Kg1 Qc1+ 40. Kg2 Qc4 1-0

[Event "Gibraltar Masters 18th"]
[Site "Gibraltar"]
[Date "2020.01.28"]
[Round "8.38"]
[White "Muzychuk, Anna"]
[Black "Ladron De Guevara Pinto, Paolo"]
[Result "1-0"]
[ECO "B06"]
[WhiteElo "2539"]
[BlackElo "2445"]
[PlyCount "53"]
[EventDate "2020.01.21"]
[EventType "swiss"]
[EventRounds "10"]
[EventCountry "GGB"]
[SourceTitle "BritBase"]
[Source "John Saunders"]
[SourceDate "2021.06.05"]
[SourceVersion "1"]
[SourceVersionDate "2021.06.05"]
[SourceQuality "1"]
[TimeControl "40/100:0"]
[WhiteClock "0:22:31"]
[BlackClock "0:01:20"]

1. e4 g6 2. d4 Bg7 3. Nc3 d6 4. f4 a6 5. Nf3 b5 6. Bd3 Nd7 7. a4 b4 8. Ne2 c5 9. c3 Nh6 10. O-O O-O 11. f5 gxf5 12. exf5 Nf6 13. Ng3 cxd4 14. cxd4 Kh8 15. a5 Bb7 16. Bd2 e5 17. fxe6 fxe6 18. Qe2 Nfg4 19. Be4 Bd5 20. Bxd5 exd5 21. Qe6 Rb8 22. Rae1 Nf6 23. Bxh6 Bxh6 24. Nf5 Bg7 25. Ng5 Qe8 26. Nxg7 Kxg7 27. Rxf6 1-0

[Event "Gibraltar Masters 18th"]
[Site "Gibraltar"]
[Date "2020.01.28"]
[Round "8.39"]
[White "Baron, Tal"]
[Black "Murzin, Volodar"]
[Result "1-0"]
[ECO "D15"]
[WhiteElo "2529"]
[BlackElo "2442"]
[PlyCount "85"]
[EventDate "2020.01.21"]
[EventType "swiss"]
[EventRounds "10"]
[EventCountry "GGB"]
[SourceTitle "BritBase"]
[Source "John Saunders"]
[SourceDate "2021.06.05"]
[SourceVersion "1"]
[SourceVersionDate "2021.06.05"]
[SourceQuality "1"]
[TimeControl "40/100:0"]
[WhiteClock "0:07:34"]
[BlackClock "0:03:35"]

1. d4 d5 2. c4 c6 3. Nf3 Nf6 4. Nc3 a6 5. Qc2 g6 6. cxd5 cxd5 7. Bg5 Nc6 8.
e3 Bg7 9. Bd3 O-O 10. a3 b6 11. O-O Bb7 12. Rfc1 Na5 13. Bxf6 Bxf6 14. b4 Nc6 15. Rab1 e6 16. Na4 Be7 17. h3 Bd6 18. Nc5 Bxc5 19. dxc5 bxc5 20. bxc5 Qc7 21. Rb6 Ra7 22. h4 e5 23. e4 Ne7 24. h5 Bc6 25. h6 Kh8 26. exd5 Bxd5 27. Be4 f6 28. Nd2 Bg8 29. Qb2 Nd5 30. Rc2 Qe7 31. Rd6 Nf4 32. Nf3 Rc7 33. Rxa6 Ne6 34. Qb4 g5 35. c6 Qxb4 36. axb4 Rb8 37. Rb2 Nc5 38. bxc5 Rxb2 39. Ra8 Ra2 40. Rd8 Raa7 41. Bd5 Rf7 42. Nd2 e4 43. Nxe4 1-0

[Event "Gibraltar Masters 18th"]
[Site "Gibraltar"]
[Date "2020.01.28"]
[Round "8.40"]
[White "Chen, Qi B"]
[Black "Beliavsky, Alexander G"]
[Result "1/2-1/2"]
[ECO "C93"]
[WhiteElo "2432"]
[BlackElo "2529"]
[PlyCount "86"]
[EventDate "2020.01.21"]
[EventType "swiss"]
[EventRounds "10"]
[EventCountry "GGB"]
[SourceTitle "BritBase"]
[Source "John Saunders"]
[SourceDate "2021.06.05"]
[SourceVersion "1"]
[SourceVersionDate "2021.06.05"]
[SourceQuality "1"]
[TimeControl "40/100:0"]
[WhiteClock "0:48:19"]
[BlackClock "0:50:02"]

1. e4 e5 2. Nf3 Nc6 3. Bb5 a6 4. Ba4 Nf6 5. O-O Be7 6. Re1 b5 7. Bb3 d6 8. c3 O-O 9. h3 Bb7 10. d4 Re8 11. Nbd2 Bf8 12. a3 h6 13.
Bc2 Nb8 14. b3 Nbd7 15. Bb2 c6 16. a4 Qc7 17. Bd3 d5 18.
dxe5 Nxe5 19. Nxe5 Qxe5 20. Qc2 Bd6 21. Nf3 Qh5 22. e5 Bxe5 23.
Nxe5 Rxe5 24. Rxe5 Qxe5 25. c4 d4 26. axb5 cxb5 27. cxb5 Qd5 28. Bf1 Rc8 29. Qd3 axb5 30. Rd1 b4 31. Bxd4 Ne4 32. Bb6 Qe6 33.
Bd4 Bd5 34. Re1 Qc6 35. Qe3 Ng5 36. Qg3 Re8 37. Rxe8+ Qxe8 38. Be3 Ne4 39. Qc7 Bxb3 40. Qb7 Ng5 41. Qxb4 Bd5 42. Qg4 Qe4 43. Bxg5 Qxg4 1/2-1/2

[Event "Gibraltar Masters 18th"]
[Site "Gibraltar"]
[Date "2020.01.28"]
[Round "8.41"]
[White "Kotronias, Vasilios"]
[Black "Rakotomaharo, Fy Antenaina"]
[Result "1-0"]
[ECO "B90"]
[WhiteElo "2526"]
[BlackElo "2433"]
[PlyCount "49"]
[EventDate "2020.01.21"]
[EventType "swiss"]
[EventRounds "10"]
[EventCountry "GGB"]
[SourceTitle "BritBase"]
[Source "John Saunders"]
[SourceDate "2021.06.05"]
[SourceVersion "1"]
[SourceVersionDate "2021.06.05"]
[SourceQuality "1"]
[TimeControl "40/100:0"]
[WhiteClock "0:40:08"]
[BlackClock "0:13:19"]

1. e4 c5 2. Nf3 d6 3. d4 cxd4 4. Nxd4 Nf6 5. Nc3 a6 6. Be3 e5 7. Nf3 Be7 8. Bc4 O-O 9. O-O Be6 10. Bxe6 fxe6 11. Na4 Ng4 12. Qd3 b5 13. Nb6 Nxe3 14. Qxe3 Rxf3 15. gxf3 Bg5 16. f4 Bxf4 17. Qh3 Qxb6 18. Qxe6+ Kf8 19. Rad1 Qd8 20. Rxd6 Qg5+ 21.
Kh1 Qh4 22. Qf5+ Kg8 23. h3 Ra7 24. Rfd1 Bg5 25. Re6 1-0

[Event "Gibraltar Masters 18th"]
[Site "Gibraltar"]
[Date "2020.01.28"]
[Round "8.42"]
[White "Sankalp, Gupta"]
[Black "Hjartarson, Johann"]
[Result "1/2-1/2"]
[ECO "B04"]
[WhiteElo "2400"]
[BlackElo "2524"]
[PlyCount "68"]
[EventDate "2020.01.21"]
[EventType "swiss"]
[EventRounds "10"]
[EventCountry "GGB"]
[SourceTitle "BritBase"]
[Source "John Saunders"]
[SourceDate "2021.06.05"]
[SourceVersion "1"]
[SourceVersionDate "2021.06.05"]
[SourceQuality "1"]
[TimeControl "40/100:0"]
[WhiteClock "0:28:52"]
[BlackClock "0:49:04"]

1. e4 Nf6 2. e5 Nd5 3. d4 d6 4. c4 Nb6 5. exd6 cxd6 6. Nf3 g6 7. Nc3 Bg7 8. h3 O-O 9. Be2 Nc6 10. O-O Bf5 11. Be3 d5 12. c5 Nc4 13.
Bxc4 dxc4 14. Qa4 e5 15. Rfd1 exd4 16. Nxd4 Nxd4 17. Bxd4 Bxd4 18. Qxc4 Bxf2+ 19. Kxf2 Qg5 20. h4 Qf6 21. Qd4 Qxd4+ 22. Rxd4 Kg7 23. Nb5 Rfc8 24. Rc1 Be6 25. Nd6 Rc6 26. Nxb7 Rb8 27. Nd8 Rxb2+ 28. Kf3 Rc7 29. Nxe6+ fxe6 30. Ra4 Kf6 31. Ra6 Rd2 32. Rc3 h5 33. Re3 Re7 34. Rea3 Rc7 1/2-1/2

[Event "Gibraltar Masters 18th"]
[Site "Gibraltar"]
[Date "2020.01.28"]
[Round "8.43"]
[White "Krysa, Leandro"]
[Black "Low, Zhen Yu Cyrus"]
[Result "1/2-1/2"]
[ECO "A16"]
[WhiteElo "2522"]
[BlackElo "2415"]
[PlyCount "61"]
[EventDate "2020.01.21"]
[EventType "swiss"]
[EventRounds "10"]
[EventCountry "GGB"]
[SourceTitle "BritBase"]
[Source "John Saunders"]
[SourceDate "2021.06.05"]
[SourceVersion "1"]
[SourceVersionDate "2021.06.05"]
[SourceQuality "1"]
[TimeControl "40/100:0"]
[WhiteClock "0:26:43"]
[BlackClock "0:33:38"]

1. c4 Nf6 2. Nc3 d5 3. cxd5 Nxd5 4. g3 g6 5. Bg2 Nxc3 6.
bxc3 Bg7 7. h4 h6 8. Rb1 O-O 9. Rxb7 Bxb7 10. Bxb7 Nd7 11. Bxa8 Qxa8 12. Nf3 Qc6 13. O-O Qc4 14. a3 a5 15. d3 Qxc3 16. Qd2 Qc5 17. Bb2 Rb8 18.
Bxg7 Kxg7 19. Rc1 Qxa3 20. h5 Rb2 21. Qf4 Qd6 22. Rxc7 Qxf4 23. gxf4 Nf6 24. e3 a4 25. Ra7 Nxh5 26. Rxa4 Rb7 27. Ne5 Nf6 28. Kg2 Nd7 29. d4 g5 30. Nxd7 Rxd7 31. fxg5 1/2-1/2

[Event "Gibraltar Masters 18th"]
[Site "Gibraltar"]
[Date "2020.01.28"]
[Round "8.44"]
[White "Soumya, Swaminathan"]
[Black "Flom, Gabriel"]
[Result "0-1"]
[ECO "B12"]
[WhiteElo "2384"]
[BlackElo "2510"]
[PlyCount "76"]
[EventDate "2020.01.21"]
[EventType "swiss"]
[EventRounds "10"]
[EventCountry "GGB"]
[SourceTitle "BritBase"]
[Source "John Saunders"]
[SourceDate "2021.06.05"]
[SourceVersion "1"]
[SourceVersionDate "2021.06.05"]
[SourceQuality "1"]
[TimeControl "40/100:0"]
[WhiteClock "0:01:13"]
[BlackClock "0:48:41"]

1. e4 c6 2. d4 d5 3. e5 Bf5 4. h4 h5 5. c4 e6 6. Nc3 Ne7 7. Nge2 Nd7 8. Ng3 Bg6 9. Bg5 Qb6 10. Rc1 Qxb2 11. Bd3 dxc4 12. Bxc4 Nb6 13. Bd3 Bxd3 14. Qxd3 Qa3 15. O-O Nbd5 16. Nge4 Nf5 17. Rb1 Qa6 18. Qxa6 bxa6 19. Ne2 Be7 20. Bxe7 Ndxe7 21. Rb7 O-O 22. Rfb1 Ng6 23. g3 Rfd8 24. R1b4 a5 25. Ra4 Rd5 26. N4c3 Rdd8 27. f4 Rdb8 28. Rxb8+ Rxb8 29. Rxa5 Rb7 30. Kf2 Nge7 31. Ra6 Nd5 32. Rxc6 Rb2 33. Rc8+ Kh7 34. Nxd5 exd5 35. Kf3 Rxa2 36. Rc7 Kg6 37. Rc6+ f6 38. e6 Rxe2 0-1

[Event "Gibraltar Masters 18th"]
[Site "Gibraltar"]
[Date "2020.01.28"]
[Round "8.45"]
[White "Trent, Lawrence"]
[Black "Petrov, Martin"]
[Result "1/2-1/2"]
[ECO "B51"]
[WhiteElo "2383"]
[BlackElo "2504"]
[PlyCount "155"]
[EventDate "2020.01.21"]
[EventType "swiss"]
[EventRounds "10"]
[EventCountry "GGB"]
[SourceTitle "BritBase"]
[Source "John Saunders"]
[SourceDate "2021.06.05"]
[SourceVersion "1"]
[SourceVersionDate "2021.06.05"]
[SourceQuality "1"]
[TimeControl "40/100:0"]
[WhiteClock "0:51:24"]
[BlackClock "0:19:28"]

1. e4 c5 2. Nf3 d6 3. Bb5+ Nd7 4. Ba4 Ngf6 5. O-O e6 6. c4 Be7 7. Nc3 O-O 8. d4 cxd4 9. Qxd4 a6 10. Bg5 Qc7 11. Rfd1 Rd8 12. Rac1 Ne5 13. b3 b6 14. h3 Nxf3+ 15. gxf3 Bb7 16. Be3 Qc5 17. Qxc5 bxc5 18. Rd2 h6 19. Rb1 Rac8 20. Kh2 d5 21. cxd5 exd5 22. exd5 Nxd5 23. Nxd5 Rxd5 24. Rxd5 Bxd5 25. Kg2 Be6 26.
Rd1 c4 27. bxc4 Rxc4 28. Bb3 Rc3 29. Rc1 Rxc1 30. Bxc1 Bxb3 31. axb3 Kh7 32. f4 Kg6 33. Kf3 Kf5 34. Bd2 Bd6 35. Be3 Bc7 36.
Bd2 Bb6 37. Be3 Bc7 38. Bd2 Bb8 39. Be3 Bd6 40. Bd2 f6 41.
Be3 Bc7 42. Bd2 Bd6 43. Be3 h5 44. Bd2 Bc5 45. Be3 Bd6 46.
Bd2 Ba3 47. Be3 Bb2 48. Bd2 g6 49. Be3 Ba3 50. Bd2 Bc5 51.
Bc1 Bf8 52. Be3 Bh6 53. Bc1 Bf8 54. Be3 Bd6 55. Bd2 g5 56.
fxg5 fxg5 57. Be3 Bf4 58. Bb6 Be5 59. Be3 Bc7 60. Bd2 Bb6 61.
Bc1 Bc5 62. Bd2 Be7 63. Bc3 Bd8 64. Bb2 g4+ 65. hxg4+ hxg4+ 66. Ke2 Ke4 67. Bc3 Bb6 68. Bf6 Bd4 69. Bxd4 Kxd4 70. Kd2 Ke4 71. Ke2 Kf4 72. Kd2 Kf3 73. Ke1 Ke4 74. Ke2 Kd4 75. Kd2 Ke4 76. Ke2 Kf4 77. Kd2 Ke4 78. Ke2 1/2-1/2

[Event "Gibraltar Masters 18th"]
[Site "Gibraltar"]
[Date "2020.01.28"]
[Round "8.46"]
[White "Lei, Tingjie"]
[Black "Buksa, Nataliya"]
[Result "1-0"]
[ECO "E05"]
[WhiteElo "2493"]
[BlackElo "2403"]
[PlyCount "143"]
[EventDate "2020.01.21"]
[EventType "swiss"]
[EventRounds "10"]
[EventCountry "GGB"]
[SourceTitle "BritBase"]
[Source "John Saunders"]
[SourceDate "2021.06.05"]
[SourceVersion "1"]
[SourceVersionDate "2021.06.05"]
[SourceQuality "1"]
[TimeControl "40/100:0"]
[WhiteClock "0:00:57"]
[BlackClock "0:02:44"]

1. c4 e6 2. Nf3 d5 3. g3 Nf6 4. Bg2 Be7 5. O-O O-O 6. d4 dxc4 7. Qc2 c6 8. a4 b6 9. Nbd2 Bb7 10. Nxc4 c5 11. Rd1 Nbd7 12. Bf4 cxd4 13. Nxd4 Bxg2 14. Kxg2 Rc8 15. Qd3 Nc5 16. Qf3 Qd5 17. Ne5 Qxf3+ 18. Kxf3 Nd5 19. Nec6 Bf6 20. Nxa7 Ra8 21. Nac6 Bxd4 22. Nxd4 Rxa4 23. Bd6 Rfa8 24. Rac1 Nb7 25. Ba3 h6 26. Nb5 Na5 27. Rd4 Nb3 28. Rxa4 Rxa4 29. Rc8+ Kh7 30. Nd6 f5 31. e3 Nd2+ 32. Ke2 Nb1 33. Re8 Nxa3 34. bxa3 Rxa3 35. Rxe6 Ra5 36. Kf3 Nc3 37. Re7 Kg8 38. Re8+ Kh7 39. Re7 Kg8 40. Rc7 Nb1 41. h4 Nd2+ 42. Kf4 g6 43. Nf7 Ra4+ 44. Ke5 b5 45.
Nxh6+ Kf8 46. h5 Nf3+ 47. Kd5 gxh5 48. Nxf5 Ra2 49. Ke6 Ra6+ 50. Nd6 Nd2 51. Kd5 b4 52. Rc2 Nf3 53. Rb2 Ra5+ 54. Kc4 Ne5+ 55. Kxb4 Ra1 56. Kc3 Rc1+ 57. Kd2 Rf1 58. Rb8+ Ke7 59. Nf5+ Kf6 60. Ke2 Ra1 61. Rf8+ Kg6 62. Ne7+ Kg7 63. Rf5 Ra2+ 64. Kf1 Ng4 65. Nd5 Kg6 66. e4 Kh6 67. Nf6 Ra4 68. Nxg4+ hxg4 69. Re5 Kg6 70. Ke2 Ra3 71. Rd5 Kf6 72. Rd3 1-0

[Event "Gibraltar Masters 18th"]
[Site "Gibraltar"]
[Date "2020.01.28"]
[Round "8.47"]
[White "Henderson De La Fuente, Lance"]
[Black "Percivaldi, Martin"]
[Result "1-0"]
[ECO "D27"]
[WhiteElo "2492"]
[BlackElo "2403"]
[PlyCount "117"]
[EventDate "2020.01.21"]
[EventType "swiss"]
[EventRounds "10"]
[EventCountry "GGB"]
[SourceTitle "BritBase"]
[Source "John Saunders"]
[SourceDate "2021.06.05"]
[SourceVersion "1"]
[SourceVersionDate "2021.06.05"]
[SourceQuality "1"]
[TimeControl "40/100:0"]
[WhiteClock "0:48:19"]
[BlackClock "0:27:40"]

1. d4 d5 2. Nf3 Nf6 3. c4 c6 4. e3 a6 5. Nc3 e6 6. Bd3 dxc4 7. Bxc4 b5 8. Be2 Bb7 9. O-O c5 10. dxc5 Nc6 11. Qc2 Nb4 12. Qb3 Nc6 13. Rd1 Qb8 14. Bd2 Bxc5 15. Rac1 Na5 16. Qc2 Bd6 17. Na4 Nc4 18. Bxc4 O-O 19. Be2 Be4 20. Qb3 Bd5 21. Qc2 Be4 22. Bd3 Bxd3 23. Qxd3 bxa4 24. Bc3 Rd8 25. Qc2 a3 26. Bxf6 gxf6 27. b3 Bf8 28. g3 a5 29. Rxd8 Qxd8 30. Nd4 f5 31. Nc6 Qb6 32. Qc4 Qb7 33.
e4 fxe4 34. Qxe4 Rc8 35. Rc4 Kh8 36. Qc2 Ra8 37. Nxa5 Qd5 38.
Nc6 Rc8 39. h3 h6 40. Kh2 Rc7 41. Qc3+ Kh7 42. Ne5 Rxc4 43. bxc4 Qe4 44. Qd3 Qxd3 45. Nxd3 Kg7 46. Kg2 f5 47. f4 Kf6 48. Kf3 Ke7 49. Ke3 Kd6 50.
Kd4 Bg7+ 51. Ne5 Bxe5+ 52. fxe5+ Kc6 53. c5 Kb5 54. g4 fxg4 55. hxg4 Ka6 56. Kc4 Ka5 57. c6 Kb6 58. c7 Kb7 59. Kb5 1-0

[Event "Gibraltar Masters 18th"]
[Site "Gibraltar"]
[Date "2020.01.28"]
[Round "8.48"]
[White "Raja, Harshit"]
[Black "Gschnitzer, Adrian"]
[Result "1-0"]
[ECO "A58"]
[WhiteElo "2482"]
[BlackElo "2388"]
[PlyCount "77"]
[EventDate "2020.01.21"]
[EventType "swiss"]
[EventRounds "10"]
[EventCountry "GGB"]
[SourceTitle "BritBase"]
[Source "John Saunders"]
[SourceDate "2021.06.05"]
[SourceVersion "1"]
[SourceVersionDate "2021.06.05"]
[SourceQuality "1"]
[TimeControl "40/100:0"]
[WhiteClock "0:02:15"]
[BlackClock "0:44:50"]

1. d4 Nf6 2. c4 c5 3. d5 b5 4. cxb5 a6 5. bxa6 g6 6. Nc3 Bg7 7. e4 O-O 8. a7 Rxa7 9. Nf3 e6 10. Be2 exd5 11. exd5 d6 12. O-O Na6 13. Nb5 Rd7 14. Bc4 Bb7 15. Qb3 Qa8 16. Rd1 Nc7 17. Nxc7 Rxc7 18. Bf4 Rd7 19. Qd3 Nh5 20. Bd2 Bxb2 21. Rab1 Bg7 22. Rb6 h6 23. Qb3 Nf6 24. Bf4 Rfd8 25. Bxd6 Ne4 26. Be5 Bxd5 27. Re1 Bxe5 28. Nxe5 Qa5 29. Rxg6+ Kh7 30. Rxh6+ Kxh6 31. Qh3+ Kg7 32. Qg4+ Kh8 33.
Qh5+ Kg7 34. Qg4+ Kh8 35. Re3 f5 36. Rh3+ Rh7 37. Rxh7+ Kxh7 38. Qg6+ Kh8 39. Qh6+ 1-0

[Event "Gibraltar Masters 18th"]
[Site "Gibraltar"]
[Date "2020.01.28"]
[Round "8.49"]
[White "Pogonina, Natalija"]
[Black "Lombaers, Peter"]
[Result "1/2-1/2"]
[ECO "D85"]
[WhiteElo "2479"]
[BlackElo "2383"]
[PlyCount "75"]
[EventDate "2020.01.21"]
[EventType "swiss"]
[EventRounds "10"]
[EventCountry "GGB"]
[SourceTitle "BritBase"]
[Source "John Saunders"]
[SourceDate "2021.06.05"]
[SourceVersion "1"]
[SourceVersionDate "2021.06.05"]
[SourceQuality "1"]
[TimeControl "40/100:0"]
[WhiteClock "0:03:19"]
[BlackClock "0:02:54"]

1. d4 Nf6 2. c4 g6 3. Nc3 d5 4. cxd5 Nxd5 5. e4 Nxc3 6. bxc3 Bg7 7. Nf3 c5 8. Bb5+ Nc6 9. O-O a6 10. Bxc6+ bxc6 11. Ba3 cxd4 12. cxd4 O-O 13. h3 Qa5 14. Qb3 Be6 15. Qe3 f5 16. e5 Qc7 17. Qc3 Bh6 18. Rfb1 Rfb8 19. Rd1 Rb5 20. Ne1 Bd5 21. Nd3 a5 22. Bc1 Bf8 23. Nf4 Qd7 24. Ba3 Bh6 25. Nxd5 cxd5 26. Rab1 Rab8 27. Rxb5 Rxb5 28. Bc5 Qb7 29. g3 Rb1 30. Qe1 Rxd1 31. Qxd1 Kf7 32. Qe1 a4 33. Kg2 Bf8 34. Qa5 Qb1 35. Qxa4 Qe4+ 36. Kg1 Qe1+ 37. Kg2 Qe4+ 38. Kg1 1/2-1/2

[Event "Gibraltar Masters 18th"]
[Site "Gibraltar"]
[Date "2020.01.28"]
[Round "8.50"]
[White "Wemmers, Xander"]
[Black "Abergel, Thal"]
[Result "1-0"]
[ECO "A42"]
[WhiteElo "2380"]
[BlackElo "2478"]
[PlyCount "111"]
[EventDate "2020.01.21"]
[EventType "swiss"]
[EventRounds "10"]
[EventCountry "GGB"]
[SourceTitle "BritBase"]
[Source "John Saunders"]
[SourceDate "2021.06.05"]
[SourceVersion "1"]
[SourceVersionDate "2021.06.05"]
[SourceQuality "1"]
[TimeControl "40/100:0"]
[WhiteClock "0:10:47"]
[BlackClock "0:31:43"]

1. d4 d6 2. c4 g6 3. e4 Bg7 4. Nc3 Nc6 5. Be3 e5 6. Nge2 Nh6 7. d5 Ne7 8. f3 f5 9. Qd2 Nf7 10. O-O-O Bd7 11. Kb1 a6 12. c5 dxc5 13. Bxc5 Nd6 14. Nc1 b6 15. Be3 Qb8 16. Bd3 a5 17. g4 fxg4 18. fxg4 Bxg4 19. Rdf1 h6 20. Qg2 Qc8 21. h3 Bd7 22. Be2 Qb7 23. Nd3 O-O-O 24. Qg3 Nxe4 25. Nxe4 Bf5 26. Bg4 Qxd5 27. Ndf2 Kb8 28. Bxf5 Nxf5 29. Qf3 Rhf8 30. Rd1 Nd4 31. Qg4 Qf7 32. Rhg1 g5 33. Bxd4 exd4 34. h4 Qg6 35. Ka1 Rf5 36. hxg5 hxg5 37. Nd3 Be5 38. Ng3 Bxg3 39. Qxg3 Qf6 40. a3 Kb7 41. Qg2+ Qc6 42. Qg4 Qd5 43. Rge1 Rdf8 44. Qg3 R8f7 45. Rc1 c5 46. Ne5 Re7 47. Nc4 Rxe1 48. Qxe1 Rf7 49. Qe8 Rd7 50. Qg6 d3 51. Qxb6+ Kc8 52. Qxa5 d2 53. Nxd2 Qxd2 54. Rxc5+ Kb7 55. Rb5+ Kc6 56. Qb6# 1-0

[Event "Gibraltar Masters 18th"]
[Site "Gibraltar"]
[Date "2020.01.28"]
[Round "8.51"]
[White "Di Berardino, Diego Rafael"]
[Black "Padmini, Rout"]
[Result "1/2-1/2"]
[ECO "E05"]
[WhiteElo "2478"]
[BlackElo "2369"]
[PlyCount "133"]
[EventDate "2020.01.21"]
[EventType "swiss"]
[EventRounds "10"]
[EventCountry "GGB"]
[SourceTitle "BritBase"]
[Source "John Saunders"]
[SourceDate "2021.06.05"]
[SourceVersion "1"]
[SourceVersionDate "2021.06.05"]
[SourceQuality "1"]
[TimeControl "40/100:0"]
[WhiteClock "0:34:12"]
[BlackClock "0:36:05"]

1. Nf3 d5 2. d4 Nf6 3. c4 e6 4. g3 Be7 5. Bg2 O-O 6. O-O dxc4 7. Qc2 a6 8. a4 Bd7 9. Rd1 Bc6 10. Nc3 Bxf3 11. Bxf3 Nc6 12. Bxc6 bxc6 13. Bg5 Nd7 14. Bxe7 Qxe7 15. Ne4 Qb4 16. a5 Rfb8 17. Rd2 Qb3 18. Ra4 Qb5 19. Qxc4 h6 20. Rc2 Ra7 21. e3 e5 22. Nc3 Qxc4 23.
Rxc4 exd4 24. exd4 c5 25. dxc5 Ne5 26. Re4 Nc6 27. Nd5 Rab7 28. Ne7+ Nxe7 29. Rxe7 c6 30. Rxb7 Rxb7 31. Rd2 Rb5 32. Rd8+ Kh7 33. Rc8 Rxc5 34. b4 Rc4 35. Kf1 g5 36. Ke2 Kg7 37. Kd3 Rxb4 38.
Rxc6 Rb2 39. Ke3 Rb3+ 40. Ke2 Rb2+ 41. Kf3 Rb3+ 42. Kg2 h5 43. Rxa6 Ra3 44. h4 g4 45. Kf1 Ra1+ 46. Ke2 Ra2+ 47. Ke3 Ra3+ 48. Ke2 Ra2+ 49. Kf1 Ra1+ 50. Kg2 Ra2 51. Ra8 Ra1 52. a6 Kh7 53. f4 Ra2+ 54. Kf1 Kg7 55. Ke1 Ra3 56. a7 Ra1+ 57. Ke2 Ra2+ 58. Kd3 Ra3+ 59. Ke4 Ra4+ 60. Ke5 Ra5+ 61. Kd6 Ra6+ 62. Ke7 Re6+ 63. Kd7 Ra6 64. f5 Ra1 65. Ke7 Re1+ 66. Kd6 Ra1 67. Ke7 1/2-1/2